 Dungeon Crawl Stone Soup version 0.29.0-4-gdea44cf6ec (webtiles) character file.

Game seed: 3996458208637094160

22 qw the Chopper (level 2, -3/17 HPs)
             Began as a Tengu Warper on Aug 28, 2022.
             Slain by a gnoll
             ... wielding a +0 club
              (6 damage)
             ... on level 1 of the Dungeon.
             The game lasted 00:00:03 (663 turns).

qw the Chopper (Tengu Warper)                        Turns: 663, Time: 00:00:04

Health: -3/17      AC:  3    Str: 11    XL:     2   Next: 91%
Magic:  6/6        EV:  8    Int: 13    God:
Gold:   34         SH:  0    Dex: 13    Spells: 5/5 levels left

rFire   . . .      SeeInvis .   a - +0 hand axe
rCold   . . .      Faith    .   (no shield)
rNeg    . . .      Spirit   .   b - +0 leather armour
rPois   .          Reflect  .   (helmet restricted)
rElec   .          Harm     .   (no cloak)
rCorr   .          Rampage  .   (no gloves)
Will    .....                   (boots unavailable)
Stlth   +.........              (no amulet)
HPRegen 0.05/turn               (no ring)
MPRegen 0.10/turn               (no ring)

@: constricted
A: beak, talons 3
a: no special abilities


You were on level 1 of the Dungeon.
You visited 1 branch of the dungeon, and saw 1 of its levels.

You collected 34 gold pieces.


Innate Abilities, Weirdness & Mutations

You have a beak for a mouth.
You have claws for feet.


   Skills:
 - Level 2.0 Fighting
 + Level 3.6 Axes
 - Level 1.0 Throwing
 - Level 1.1 Armour
 - Level 2.1 Dodging
 - Level 2.0 Spellcasting
 - Level 2.4 Translocations


You had 5 spell levels left.
You didn't know any spells.
Your spell library contained the following spells:

 Spells                   Type           Power      Damage    Failure   Level
 Blink                    Tloc           14%        N/A       19%         2
 Gell's Gravitas          Tloc           7%         N/A       36%         3
 Lesser Beckoning         Tloc           7%         N/A       36%         3
 Teleport Other           Tloc           7%         N/A       36%         3
 Manifold Assault         Tloc           7%         N/A       98%         5

Inventory:

Hand Weapons
 a - a +0 hand axe (weapon)
Armour
 b - a +0 leather armour (worn)
 d - a +1 cloak of willpower
 g - a +0 scale mail
Scrolls
 c - a scroll of blinking
 e - 2 scrolls of magic mapping {unknown}
 f - 2 scrolls of identify {unknown}
 j - a scroll of fear {unknown}
Potions
 h - a potion of curing {unknown}
 i - 2 potions of berserk rage {unknown}

Dungeon Overview and Level Annotations

Branches:
Dungeon (1/15)

Altars:


Message History

A rat comes into view.
A ball python comes into view.
The rat struggles to get unstuck from the web.
The rat struggles to get unstuck from the web.
You closely miss the gnoll. Your kick misses the gnoll.
The rat struggles to get unstuck from the web.
The gnoll barely misses you.
You hit the gnoll but do no damage.
A jackal comes into view.
A hobgoblin comes into view.
The rat pulls away from the web.
The gnoll barely misses you.
The jackal barks!
You hit the gnoll. You claw the gnoll. Your peck misses the gnoll.
The gnoll is almost dead.
You hear a bark! x2
The gnoll barely misses you.
A jackal comes into view.
The jackal bites you.
You closely miss the gnoll. Your kick misses the gnoll.
Your peck misses the gnoll.
The gnoll is almost dead.
You hit the jackal.
A jackal comes into view.
The gnoll hits you with a +0 club.
You closely miss the gnoll.
The gnoll is almost dead.
You hit the jackal.
You kill the jackal!
The gnoll barely misses you.
The jackal bites you but does no damage.
The ball python barely misses you. The ball python grabs you.
The ball python constricts you.
A jackal comes into view.
The gnoll hits you with a +0 club.
You closely miss the ball python. You hit the jackal.
You hit the gnoll but do no damage.
A bat comes into view.
The jackal barely misses you.
The ball python bites you but does no damage.
The ball python constricts you. The gnoll hits you with a +0 club.
You die...

########
#############......
.........#.......##+####
........................
...?....................
..)..gS@................
....>.hg................
####..h##########.......
#..r #....... #...
#....... ...b. #####...
#.#..! #... #...^. #...
...


You could see a gnoll, 2 jackals, a hobgoblin, a bat, a ball python and a rat.

Vanquished Creatures
  2 ball pythons (D:1)
  An endoplasm (D:1)
  A goblin (D:1)
  2 hobgoblins (D:1)
  4 jackals (D:1)
  A quokka (D:1)
  3 bats (D:1)
  2 frilled lizards (D:1)
  2 kobolds (D:1)
  3 rats (D:1)
21 creatures vanquished.

Notes
Turn   | Place    | Note
-------+----------+-------------------------------------------
     0 | D:1      | qw the Tengu Warper began the quest for the Orb.
     0 | D:1      | Reached XP level 1. HP: 12/12 MP: 4/4
     0 | D:1      | 0 ||| qw: Version: 0.1-a-89-g26bdef1
     0 | D:1      | 0 ||| qw: Game counter: 235
     0 | D:1      | 0 ||| qw: Always use a shield: true
     0 | D:1      | 0 ||| qw: God list: Okawaru
     0 | D:1      | 0 ||| qw: Allow faded altars: false
     0 | D:1      | 0 ||| qw: Do Orc after D:15 true
     0 | D:1      | 0 ||| qw: Do second Lair branch before Depths: true
     0 | D:1      | 0 ||| qw: Lair rune preference: random
     0 | D:1      | 0 ||| qw: Plans: Normal
     0 | D:1      | 0 ||| PLANNING D:1-11
   122 | D:1      | Reached skill level 3 in Axes
   122 | D:1      | Reached XP level 2. HP: 14/17 MP: 6/6
   235 | D:1      | 235 ||| Stepping ~*~*~tactically~*~*~ (stealth).
   443 | D:1      | 443 ||| Stepping ~*~*~tactically~*~*~ (stealth).
   444 | D:1      | 444 ||| Stepping ~*~*~tactically~*~*~ (stealth).
   445 | D:1      | 445 ||| Stepping ~*~*~tactically~*~*~ (stealth).
   448 | D:1      | 448 ||| Stepping ~*~*~tactically~*~*~ (stealth).
   662 | D:1      | HP: 4/17 [gnoll/+0 club (6)]
   663 | D:1      | Slain by a gnoll

Levels and vault maps discovered:
D:1:      reono_arrival_forest_river, layout_basic,
          ebering_ecumenical_altar_webs

Skill      XL: |  1 |
---------------+----+-----
Axes           | 3 |  3.6
Fighting       | |  2.0
Throwing       | |  1.0
Armour         | |  1.1
Dodging        | |  2.1
Spellcasting   | |  2.0
Translocations | |  2.4

Action                   || total
-------------------------++-------
Melee: Hand axe          ||    41
       Kick              ||    11
       Peck              ||     6
Throw: Boomerang         ||     7
Armor: Leather armour    ||    13
Dodge: Dodged            ||    28

Table legend:
 A = Non-vault XP
 B = Vault XP
 C = Vault XP percentage of total XP
 D = Non-vault monster count
 E = Vault monster count
 F = Vault count percentage of total count
                 A         B        C        D         E       F
            +---------+---------+-------+---------+---------+-------
      Total |      32 |       0 |   0.0 |      21 |       0 |   0.0
            +---------+---------+-------+---------+---------+-------
        D:1 |      32 |       0 |   0.0 |      21 |       0 |   0.0
            +---------+---------+-------+---------+---------+-------
